 Dungeon Crawl Stone Soup version 0.30.1-9-gdf580d7c3d (webtiles) character file.

Game seed: 8643697589083321527

601 Psyclone the Magician (level 7, 36/36 HPs)
             Began as a Deep Elf Conjurer on Sept 25, 2023.
             Was an Initiate of Ashenzari.
             Quit the game on level 4 of the Dungeon.
             The game lasted 00:10:58 (6032 turns).

Psyclone the Magician (Deep Elf Conjurer)           Turns: 6032, Time: 00:10:58

Health: 36/36      AC:  4    Str:  4    XL:     7   Next: 18%
Magic:  20/20      EV: 12    Int: 25    God:    Ashenzari [......]
Gold:   291        SH:  0    Dex: 13    Spells: 18/21 levels left

rFire   . . .        o - +2 short sword (speed)
rCold   . . .        (no shield)
rNeg    . . .        a - +0 robe
rPois   .            (no helmet)
rElec   .            r - +0 cloak
rCorr   +            s - +0 pair of gloves
SInv    .            (no boots)
Will    +....        (no amulet)
Stlth   ++           e - ring of willpower
HPRegen 0.26/turn    i - ring of resist corrosion
MPRegen 0.17/turn

%: no passive effects
@: no status effects
A: no striking features
a: Renounce Religion


You were on level 4 of the Dungeon.
You worshipped Ashenzari.
Ashenzari was noncommittal.
You visited 2 branches of the dungeon, and saw 5 of its levels.
You also visited: Sewer.

You collected 291 gold pieces.

Inventory:

Hand Weapons
 n - a +1 dagger of draining
 o - a +2 short sword of speed (weapon)
Armour
 a - a +0 robe (worn)
 r - a +0 cloak (worn)
 s - a +0 pair of gloves (worn)
Jewellery
 e - a ring of willpower (left hand)
 i - a ring of resist corrosion (right hand)
Scrolls
 f - 4 scrolls of identify {@r1}
 g - a scroll of vulnerability
 k - 3 scrolls of teleportation
Potions
 b - a potion of magic
 c - a potion of berserk rage
 d - a potion of attraction
 h - a potion of brilliance
 j - 4 potions of heal wounds
 l - a potion of lignification
 m - 2 potions of curing
 w - a potion of flight


   Skills:
 - Level 2.4 Dodging
 - Level 2.4 Stealth
 + Level 7.7 Spellcasting
 + Level 7.5 Conjurations


You had 18 spell levels left.
You knew the following spells:

 Your Spells              Type           Power      Damage    Failure   Level
a - Magic Dart            Conj           100%       1d8       1%          1
b - Searing Ray           Conj           94%        2d7       1%          2

Your spell library contained the following spells:

 Spells                   Type           Power      Damage    Failure   Level
 Dazzling Flash           Conj/Hex       56%        N/A       4%          3
 Fulminant Prism          Conj/Hex       14%        3d9       13%         4
 Iskenderun's Mystic Bla  Conj/Tloc      28%        2d7       13%         4
 Leda's Liquefaction      Hex/Erth       4%         N/A       52%         4
 Lee's Rapid Deconstruct  Erth           4%         3d5*      86%         5
 Statue Form              Tmut/Erth      6%         N/A       100%        6


Dungeon Overview and Level Annotations

Branches:
Dungeon (4/15) Zot: 18481  Temple (1/1) D:4 Zot: 5676   Sewer (visited)

Altars:
Ashenzari
Cheibriados
Dithmenos
Fedhas
Gozag
Hepliaklqana
Kikubaaqudgha
Makhleb
Nemelex Xobeh
Qazlal
Trog
Uskayaw
Wu Jian
Yredelemnul
Zin
The Shining One

Shops:
D:4 *

Annotations:
D:4 3 runed translucent doors, rozman's ghost, novice DEIE


Message History

Press: ? - help, Shift-Dir - straight line, f - goblin
Aim: a goblin, wielding a +0 sling (wandering, hasn't noticed you, 100% to hit)
The magic dart hits the goblin.
You kill the goblin!
You now have 19/20 mp.
Casting: Magic Dart (safe; 1% risk of failure)
Confirm with . or Enter, or press ? or * to list all spells.
You can't see any susceptible monsters within range! (Use Z to cast anyway.) Unknown command.
An endoplasm comes into view.
MP restored: 20 An endoplasm is nearby!
Casting: Magic Dart (safe; 1% risk of failure)
Confirm with . or Enter, or press ? or * to list all spells.
Aiming: Magic Dart (safe; 1% risk of failure)
Press: ? - help, Shift-Dir - straight line, f - endoplasm
Aim: an endoplasm (asleep, 100% to hit)
The magic dart hits the endoplasm.
You kill the endoplasm!
You now have 19/20 mp.
Casting: Magic Dart (safe; 1% risk of failure)
Confirm with . or Enter, or press ? or * to list all spells.
You can't see any susceptible monsters within range! (Use Z to cast anyway.) Unknown command.
Found a runed translucent gate.
The orc priest shouts!
The orc shouts!
You hear a shout! x4
Rozman's ghost turns its malevolent gaze towards you.
MP restored: 20 The orc priest shouts!
Found 4 stones.
Found a runed trident.
Found a pair of boots.
Found a roughly hewn altar of Beogh.
The orc shouts!
You see here 4 stones.
You see here 4 stones.
Rozman's ghost screams, "Zot is a myth, the ORB is a fable, you'll soon be a tale!"
Okay, then.
Okay, then.
Are you sure you want to abandon this character and quit the game? (Confirm with "yes".)

....#..#.......##.##
..........##.......#
....#..#..###...#.##
#.###.....###...#.#
#.###..#..##....#.#
.........)........#
.......#..##.#..#.#
#####.##..##.#..#.###
#...............@...##
...........########8.#
...........#8.....#..#
#.###..##..#..##..#..#
....#..##..#..8#o.#..#
...........#..##o.#..#
#.#.#......#....#.#..#
#.#..#....##..oo#o+..##
...........#_.8.#.+...#


There were no monsters in sight!

Vanquished Creatures
  An ice beast (D:4)
  An orc priest (D:4)
  2 sleepcaps (D:4)
  2 orc wizards (D:4)
  A hell rat (Sewer)
  4 river rats (Sewer)
  3 adders
  10 gnolls
  3 worms
  A dart slug (D:2)
  9 orcs
  10 ball pythons
  8 bats
  10 endoplasms
  4 giant cockroaches
  45 goblins
  24 hobgoblins
  4 jackals (D:3)
  10 kobolds
  A quokka (D:1)
  5 frilled lizards
  16 rats
174 creatures vanquished.

Notes
Turn   | Place    | Note
-------+----------+-------------------------------------------
     0 | D:1      | Psyclone the Deep Elf Conjurer began the quest for the Orb.
     0 | D:1      | Reached XP level 1. HP: 10/10 MP: 6/6
   189 | D:1      | Reached XP level 2. HP: 15/15 MP: 4/8
   409 | D:1      | Learned a level 2 spell: Searing Ray
   651 | D:1      | Found a faded altar of an unknown god.
   745 | D:1      | Reached skill level 5 in Conjurations
   771 | D:1      | Reached XP level 3. HP: 19/19 MP: 7/10
  2267 | D:2      | Reached XP level 4. HP: 24/24 MP: 6/12
  2577 | D:3      | Reached skill level 5 in Spellcasting
  3462 | D:3      | Reached XP level 5. HP: 28/28 MP: 11/14
  3564 | D:4      | Noticed an ice beast
  3709 | D:4      | Found an ornate altar of the Wu Jian Council.
  3709 | D:4      | Found a sparkling altar of Nemelex Xobeh.
  3801 | D:4      | Found a glowing drain.
  3839 | Sewer    | Entered a sewer
  3848 | Sewer    | Reached XP level 6. HP: 32/32 MP: 9/17
  4146 | D:4      | Killed an ice beast
  4316 | D:4      | Found a staircase to the Ecumenical Temple.
  4335 | Temple   | Entered the Ecumenical Temple
  4341 | Temple   | Became a worshipper of Ashenzari the Shackled
  4865 | D:4      | Found Xaifac's CLEARANCE SALE!.
  5402 | D:4      | Reached XP level 7. HP: 34/36 MP: 16/19
  6000 | D:4      | Found a runed translucent gate.
  6000 | D:4      | Noticed rozman's ghost (novice DEIE)
  6001 | D:4      | Found a runed translucent gate.
  6001 | D:4      | Identified the +0 whip of Honesty {heavy, rF+ rC- Str+4
                  | Int+2}
  6001 | D:4      | Identified the +1 ring mail of Afemuc {Contam +Inv rElec
                  | Dex+2}
  6002 | D:4      | Found a runed translucent gate.
  6032 | D:4      | Quit the game

Illustrated notes

Levels and vault maps discovered:
D:1:      dpeg_arrival_rhombi, layout_loops_ring, shapermc_ecumenical_altar_gd,
          minmay_misc_feat_diagonals, minmay_misc_feat_encased, minmay_vboxes
D:2:      layout_basic
D:3:      layout_loops_ring
D:4:      minmay_goblin_kobold_castle, layout_basic,
          gammafunk_temple_overflow_wave, temple_pool_b,
          cheibrodos_sewer_entry_bend, biasface_ghost_orc_armoury,
          nicolae_shop_clearance
Temple:   eino_narrow_crystal_temple

Skill      XL: |  1  2  3  4  5  6 |
---------------+-------------------+-----
Spellcasting   | 4 5 6 7 |  7.7
Conjurations   | 5 6 7 |  7.5
Dodging        | |  2.4
Stealth        | |  2.4

Action                     |  1- 3 |  4- 6 |  7- 9 || total
---------------------------+-------+-------+-------++-------
  Melee: Dagger            |       |     5 |     2 ||     7
   Cast: Magic Dart        |    93 |    87 |     7 ||   187
         Searing Ray       |       |    28 |     9 ||    37
    Use: Scroll            |       |     8 |       ||     8
         Potion            |       |     8 |       ||     8
 Armour: Robe              |       |    12 |     2 ||    14
  Dodge: Dodged            |     2 |    40 |    12 ||    54
